[Event "*** Biggest EVER Titled Tuesday"]
[Site "Chess.com"]
[Date "2018.04.17"]
[Round "1"]
[White "Vahe_Dan1"]
[Black "josephymwale33"]
[Result "1-0"]
[WhiteElo "2512"]
[BlackElo "2146"]
[TimeControl "180+2"]
[EndTime "13:07:04 PDT"]
[Termination "Vahe_Dan1 won by resignation"]

1. e4 e6 2. d4 d5 3. Nc3 Nf6 4. Bg5 Be7 5. e5 Nfd7 6. h4 O-O 7. Bxe7 Qxe7 8. f4 c5 9. Nf3 Nc6 10. Qd2 f6 11. O-O-O cxd4 12. Nxd4 fxe5 13. fxe5 Ndxe5 14. Be2 Nxd4 15. Qxd4 Nc6 16. Qg4 e5 17. Nxd5 Qc5 18. Qc4 Qxc4 19. Bxc4 Kh8 20. a3 Bf5 21. Ne3 Be4 22. Bd5 Bxd5 23. Rxd5 Rac8 24. Rd7 Rf2 25.
Rxb7 Re2 26. Rh3 Nd4 27. Kb1 h6 28. c3 Re1+ 29. Ka2 Ne2 30. Nd5 Nc1+ 31. Kb1 Rd8 32.
c4 Rf8 33. a4 Rf2 34. Rf3 Rxg2 35. Rf8+ Kh7 36. h5 Nb3+ 37. Ka2 Nc1+ 38. Ka3 Rg3+ 39. b3 Rf1 40. Rxf1 1-0

[Event "*** Biggest EVER Titled Tuesday"]
[Site "Chess.com"]
[Date "2018.04.17"]
[Round "1"]
[White "severomorskij"]
[Black "Manukyan_Artak"]
[Result "1-0"]
[WhiteElo "2661"]
[BlackElo "2345"]
[TimeControl "180+2"]
[EndTime "13:07:06 PDT"]
[Termination "severomorskij won by resignation"]

1. d4 d5 2. c4 dxc4 3. e3 e5 4. Bxc4 exd4 5. exd4 Nf6 6. Nf3 Be7 7. O-O O-O 8. h3 c5 9. dxc5 Qxd1 10. Rxd1 Bxc5 11.
Nc3 Nc6 12. Bg5 a6 13. Bxf6 gxf6 14. Ne4 Be7 15. Bd5 Rd8 16. Bxc6 bxc6 17. Rxd8+ Bxd8 18. Rd1 Be6 19. Nd4 Bd5 20. Nc3 Rb8 21. Nxd5 cxd5 22. Nc6 Rc8 23. Rxd5 Rxc6 24. Rxd8+ Kg7 25. Rd2 f5 26. Kf1 h5 27. Ke2 Kg6 28. Kd3 h4 29. b4 Rc1 30. Rb2 Rg1 31. f4 Re1 32. a4 Re4 33. b5 axb5 34. axb5 Re7 35. b6 Rb7 36. Kc4 Kf6 37. Kd5 Rd7+ 38. Kc6 Rd2 39. Rxd2 1-0

[Event "*** Biggest EVER Titled Tuesday"]
[Site "Chess.com"]
[Date "2018.04.17"]
[Round "1"]
[White "jlandaw"]
[Black "mishanick"]
[Result "0-1"]
[WhiteElo "2421"]
[BlackElo "2836"]
[TimeControl "180+2"]
[EndTime "13:07:09 PDT"]
[Termination "mishanick won by checkmate"]

1. e4 c5 2. Nc3 d6 3. g3 g6 4. Bg2 Bg7 5. d3 Nc6 6. f4 e6 7. Nf3 Nge7 8. O-O Rb8 9. a3 b5 10. Rb1 a5 11. a4 b4 12. Nb5 Ba6 13. c4 O-O 14. Be3 Qb6 15. Nxd6 Nd4 16. Nb5 Nec6 17.
Nfxd4 cxd4 18. Bf2 e5 19. h4 exf4 20. gxf4 Ne7 21.
h5 Rfd8 22. hxg6 hxg6 23. Qg4 f5 24. Qh3 Bb7 25. Rbe1 Kf7 26. e5 Rh8 27. Qg3 Bxg2 28. Nd6+ Ke6 29. Kxg2 Qc6+ 30. Qf3 Rh2+ 31. Kxh2 Qxf3 32.
Bh4 Qg4 33. Bg3 Rh8+ 34. Kg2 Qh3+ 35. Kf2 Qg4 36. Nb7 Rh3 37. Nc5+ Kf7 38. e6+ Kg8 39. Rg1 Bf6 40. Nd7 Bh4 41. Bxh4 Qf3# 0-1

[Event "*** Biggest EVER Titled Tuesday"]
[Site "Chess.com"]
[Date "2018.04.17"]
[Round "1"]
[White "Tash_Boy"]
[Black "mjray79"]
[Result "1-0"]
[WhiteElo "2532"]
[BlackElo "2117"]
[TimeControl "180+2"]
[EndTime "13:07:10 PDT"]
[Termination "Tash_Boy won by checkmate"]

1. e4 c5 2. Nf3 d6 3. d4 cxd4 4. Nxd4 Nf6 5. Nc3 g6 6. Be3 Bg7 7. f3 O-O 8. Qd2 Nc6 9. g4 Be6 10. Nxe6 fxe6 11. O-O-O d5 12. exd5 exd5 13. Nxd5 Nxd5 14.
Qxd5+ Qxd5 15. Rxd5 Rxf3 16. Bc4 e6 17. Rd3 Ne5 18. Bxe6+ Kh8 19. Rb3 Re8 20. Bd4 Rxe6 21. Bxe5 Rxb3 22. Bxg7+ Kxg7 23. axb3 Re4 24. Rg1 Kf6 25.
Kd2 Kg5 26. Kd3 Rxg4 27. Rxg4+ Kxg4 28. b4 Kf3 29. c4 h5 30. b5 g5 31. c5 h4 32. c6 bxc6 33. bxc6 g4 34. c7 g3 35. c8=Q Kg2 36. hxg3 Kxg3 37. Ke3 h3 38. Qg8+ Kh2 39.
Kf2 a5 40. Qg1# 1-0

[Event "*** Biggest EVER Titled Tuesday"]
[Site "Chess.com"]
[Date "2018.04.17"]
[Round "1"]
[White "nicolochessit"]
[Black "OK97"]
[Result "1-0"]
[WhiteElo "2368"]
[BlackElo "2572"]
[TimeControl "180+2"]
[EndTime "13:07:15 PDT"]
[Termination "nicolochessit won by resignation"]

1. d4 Nf6 2. Nf3 g6 3. c4 Bg7 4. g3 O-O 5. Bg2 d6 6. O-O c5 7. Nc3 Nc6 8. dxc5 dxc5 9. Be3 Qa5 10. Qb3 b6 11. Ne5 Nxe5 12. Bxa8 Ba6 13. Bg2 Nxc4 14. Bg5 h6 15. Bxf6 Bxf6 16. Rfd1 Nxb2 17. Rdc1 Nc4 18. Bd5 Nd6 19. Rab1 e6 20. Bf3 Rd8 21.
a4 Nc4 22. Ne4 Bg7 23. Rxc4 Bxc4 24. Qxc4 Rd4 25. Qc2 Rxa4 26. Rd1 Ra1 27. Kg2 Rxd1 28. Qxd1 c4 29. Qd8+ Kh7 30. Qc7 Qf5 31. g4 Qb5 32. Qxf7 Qe5 33. h4 c3 34. g5 c2 35. Nf6+ 1-0

[Event "*** Biggest EVER Titled Tuesday"]
[Site "Chess.com"]
[Date "2018.04.17"]
[Round "1"]
[White "Ginger_GM"]
[Black "savinspm"]
[Result "1-0"]
[WhiteElo "2458"]
[BlackElo "2012"]
[TimeControl "180+2"]
[EndTime "13:07:16 PDT"]
[Termination "Ginger_GM won by resignation"]

1. d4 Nf6 2. c4 e6 3. Nf3 Bb4+ 4. Nbd2 b6 5. g3 Bb7 6. Bg2 O-O 7. O-O Bxd2 8. Bxd2 d6 9. d5 e5 10. b4 Nbd7 11. Qc2 Qe7 12. Nh4 g6 13. h3 Kg7 14.
Qc1 Ng8 15. e4 a6 16. f4 f6 17. f5 g5 18. Nf3 h6 19. Be3 a5 20. a3 axb4 21.
axb4 Rxa1 22. Qxa1 Ra8 23. Qb2 Qf8 24. Ra1 Rxa1+ 25.
Qxa1 Qa8 26. Qxa8 Bxa8 27. Ne1 Bb7 28. Bf1 Bc8 29. Kf2 Nb8 30. c5 bxc5 31. bxc5 Kf7 32.
Nc2 Na6 33. c6 Ke7 34. Be2 Kf7 35. Ke1 Ne7 36. Kd2 Nb8 37. g4 Ke8 38. Kc3 Kd8 39. Kb4 Ba6 40. Bxa6 Nxa6+ 41. Kb5 Nb8 42. Nb4 Kc8 43.
Ba7 Ng8 44. Nc2 Ne7 45. Ne3 Ng8 46. Nf1 Ne7 47. Ng3 Ng8 48. Nh5 Nd7 49. cxd7+ Kxd7 50. Be3 Kc8 51. Ka6 Kb8 52. Bd2 Kc8 53. Ka7 Kd7 54.
Kb7 Kd8 55. Ba5 Kd7 56. Bxc7 Ke7 57. Kc6 1-0

[Event "*** Biggest EVER Titled Tuesday"]
[Site "Chess.com"]
[Date "2018.04.17"]
[Round "1"]
[White "Makalexa"]
[Black "belisarius64"]
[Result "0-1"]
[WhiteElo "2130"]
[BlackElo "2508"]
[TimeControl "180+2"]
[EndTime "13:07:17 PDT"]
[Termination "belisarius64 won by resignation"]

1. e4 c5 2. Nf3 e6 3. d4 cxd4 4.
Nxd4 a6 5. Bd3 Bc5 6. Nb3 Ba7 7.
Qe2 Nc6 8. Be3 Bxe3 9. Qxe3 Nf6 10. N1d2 O-O 11. O-O-O b5 12. g4 Nxg4 13. Qg3 Nge5 14. Rhg1 g6 15. f4 Nxd3+ 16. cxd3 Bb7 17. Kb1 d5 18. f5 dxe4 19. dxe4 exf5 20. exf5 Qf6 21. Rdf1 Kh8 22. fxg6 Qxg6+ 23. Qxg6 fxg6 24. Nc5 Rxf1+ 25. Rxf1 Na5 26. b4 Rc8 27. Rc1 Rd8 28. Rc2 Bc8 29. bxa5 Bf5 30. Kc1 Bxc2 31. Kxc2 Rd4 32. Nxa6 Ra4 33. Nb3 Rxa2+ 34. Kd3 Rxh2 35. Nb4 Rh3+ 36.
Kc2 Rh4 37. Kc3 Rc4+ 38. Kb2 Rxb4 0-1

[Event "*** Biggest EVER Titled Tuesday"]
[Site "Chess.com"]
[Date "2018.04.17"]
[Round "1"]
[White "GeorgMeier"]
[Black "Runner"]
[Result "1-0"]
[WhiteElo "2791"]
[BlackElo "2404"]
[TimeControl "180+2"]
[EndTime "13:07:18 PDT"]
[Termination "GeorgMeier won by resignation"]

1. Nf3 Nf6 2. g3 g6 3. Bg2 Bg7 4. O-O O-O 5. d4 d5 6. c4 c6 7. b3 Bf5 8. Bb2 Qb6 9. Nbd2 Ne4 10. Rc1 Nxd2 11. Qxd2 Be4 12. Rfd1 e6 13. e3 Nd7 14.
Qe2 a5 15. Bf1 Bxf3 16. Qxf3 a4 17. Ba3 Rfe8 18. b4 Bf8 19. Rb1 Qd8 20. Rdc1 dxc4 21.
Bxc4 Nb6 22. Bf1 Nc8 23. h4 h5 24. Rc2 Qd5 25. Kg2 Na7 26. Bc4 Qxf3+ 27. Kxf3 b5 28. Bf1 f5 29. Ke2 Kf7 30. Bg2 Rec8 31. Bc1 Ke8 32. e4 Kd7 33. Be3 Bd6 34. a3 Rc7 35. Rbc1 Be7 36. d5 exd5 37. exd5 Rac8 38. Bb6 1-0

[Event "*** Biggest EVER Titled Tuesday"]
[Site "Chess.com"]
[Date "2018.04.17"]
[Round "1"]
[White "asymptotics"]
[Black "Kazakov_Konstantin"]
[Result "0-1"]
[WhiteElo "2005"]
[BlackElo "2458"]
[TimeControl "180+2"]
[EndTime "13:07:24 PDT"]
[Termination "Kazakov_Konstantin won by resignation"]

1. e4 e5 2. d4 exd4 3. Nf3 Nc6 4.
Nxd4 Nf6 5. Nxc6 bxc6 6. e5 Qe7 7. Qe2 Nd5 8. g3 d6 9. c4 Nb6 10. exd6 Qxe2+ 11. Bxe2 cxd6 12. b3 Be6 13. Bb2 O-O-O 14. O-O h5 15. h4 f6 16. Nd2 d5 17. c5 Bxc5 18. Rac1 Bd6 19. Rxc6+ Kb7 20. Rfc1 Rd7 21. Bb5 Rhd8 22. Bd4 Rc7 23. a4 Rxc6 24. Rxc6 Bf7 25. a5 Nc8 26. a6+ Kb8 27. Nf3 Be8 0-1

[Event "*** Biggest EVER Titled Tuesday"]
[Site "Chess.com"]
[Date "2018.04.17"]
[Round "1"]
[White "saraswathii"]
[Black "SenseiJulio"]
[Result "0-1"]
[WhiteElo "2289"]
[BlackElo "2620"]
[TimeControl "180+2"]
[EndTime "13:07:26 PDT"]
[Termination "SenseiJulio won by resignation"]

1. e4 e6 2. d3 d5 3. Nd2 c5 4. Ngf3 Nc6 5. g3 Nf6 6. Bg2 b6 7. O-O Bb7 8. Qe2 Be7 9. e5 Nd7 10. Re1 g5 11. h3 h5 12. g4 hxg4 13. hxg4 Qc7 14. Nf1 O-O-O 15. Ng3 Rdg8 16. c4 dxc4 17. dxc4 Rg6 18. Nh5 Rgg8 19. a3 Rxh5 20. gxh5 g4 21. Nh2 Ndxe5 22. Bf4 Nf3+ 23. Nxf3 gxf3 24. Bxc7 Rxg2+ 25. Kf1 fxe2+ 26. Kxg2 Nd4+ 27. Kg3 Kxc7 28. Rac1 Bg5 29. f4 Bh6 30. Rc3 e5 31. fxe5 Bd2 32. Kf2 Bxe1+ 33. Kxe1 Be4 34. h6 Kd7 35. Kf2 Ke6 36.
Re3 Bh7 37. Rg3 Kxe5 38. Rg7 Bd3 39. Rxf7 Nc2 40. Re7+ Kf6 41. h7 Kxe7 42. h8=Q e1=Q+ 43. Kg2 Be4+ 0-1

[Event "*** Biggest EVER Titled Tuesday"]
[Site "Chess.com"]
[Date "2018.04.17"]
[Round "1"]
[White "Iball95"]
[Black "BergenChessAcademy"]
[Result "1-0"]
[WhiteElo "2541"]
[BlackElo "2191"]
[TimeControl "180+2"]
[EndTime "13:07:26 PDT"]
[Termination "Iball95 won by resignation"]

1. d4 Nf6 2. Bf4 e6 3. e3 c5 4. c3 b6 5. Nf3 Bb7 6. Nbd2 Be7 7.
Bd3 Nc6 8. h3 O-O 9. O-O Rc8 10.
Rc1 d6 11. Bh2 Re8 12. a3 Bf8 13. Qc2 g6 14. Qb1 Bg7 15. Rfd1 Ne7 16. Nc4 Rc6 17. Bf1 b5 18. Ncd2 c4 19. a4 a6 20. axb5 axb5 21.
b3 Rb6 22. Qc2 d5 23. Ra1 Nf5 24. b4 Nd6 25. Ra5 Bc6 26. Rda1 Rb7 27. Ne5 Bd7 28. Nxg6 Nfe4 29. Nxe4 Nxe4 30. Ne5 Bxe5 31. Bxe5 f6 32. Bh2 Kh8 33. f3 Ng5 34. Ra7 Bc6 35. Rxb7 Bxb7 36.
Ra7 Qb6 37. Qa2 Rg8 38. Kf2 Qc6 39. Qa5 Ra8 40. Rxa8+ Bxa8 41. Qd8+ Kg7 42. Bd6 Nf7 43.
Qf8+ Kg6 44. Qg8+ Kh6 45. Bf8+ 1-0

[Event "*** Biggest EVER Titled Tuesday"]
[Site "Chess.com"]
[Date "2018.04.17"]
[Round "1"]
[White "Kriari"]
[Black "Quiet_Desperation"]
[Result "1-0"]
[WhiteElo "2759"]
[BlackElo "2399"]
[TimeControl "180+2"]
[EndTime "13:07:28 PDT"]
[Termination "Kriari won by resignation"]

1. e4 Nc6 2. Nf3 d6 3. d4 Nf6 4. Bd3 e5 5. c3 Bg4 6. d5 Ne7 7.
h3 Bd7 8. c4 Ng6 9. Nc3 Be7 10.
O-O O-O 11. a3 c6 12. Re1 Qc7 13. Bf1 h6 14. Be3 c5 15. b4 b6 16. Rb1 Nh7 17. Bd3 Ng5 18. Nxg5 hxg5 19. Be2 Nf4 20. Bg4 g6 21. bxc5 bxc5 22. Bxd7 Qxd7 23. Qa4 Qc8 24. Qc6 Nxh3+ 25. Kh2 Nf4 26. Qxc8 Rfxc8 27. Rb7 Bf6 28. g3 Kg7 29. gxf4 gxf4 30. Bd2 Rh8+ 31. Kg2 Rh5 32. Nb5 Rah8 33. Nxd6 Rh2+ 34. Kf3 R8h3+ 35. Ke2 Rxa3 36. Rxf7+ Kh6 37. Rxf6 Kg7 38. Rf7+ Kh6 39. Rxf4 exf4 40. Bxf4+ 1-0

[Event "*** Biggest EVER Titled Tuesday"]
[Site "Chess.com"]
[Date "2018.04.17"]
[Round "1"]
[White "wonderfultime"]
[Black "pedromartinez91"]
[Result "1-0"]
[WhiteElo "2794"]
[BlackElo "2406"]
[TimeControl "180+2"]
[EndTime "13:07:30 PDT"]
[Termination "wonderfultime won by checkmate"]

1. d4 Nf6 2. Nf3 g6 3. Bg5 Ne4 4.
Bf4 Bg7 5. Nbd2 d5 6. e3 O-O 7.
Nxe4 dxe4 8. Nd2 c5 9. c3 cxd4 10. exd4 Qd5 11. Bg3 Nc6 12. Bc4 Qf5 13. Qe2 e5 14. d5 Na5 15. Nxe4 Nxc4 16. Qxc4 b5 17. Qe2 Qd7 18. Rd1 f5 19. Nc5 Qd6 20. b4 g5 21. f3 h5 22. O-O h4 23. Bf2 a5 24.
Ne6 Bxe6 25. Bc5 Qc7 26. dxe6 Rfe8 27. e7 Qc6 28. Rd6 Qb7 29. Rg6 Kf7 30. Rxg7+ Kxg7 31. Qxe5+ Kg6 32. Qe6+ Kh7 33. Qxf5+ Kh6 34. Qf6+ Kh7 35.
Qxg5 h3 36. Qh5+ Kg7 37. Bd4+ Kg8 38. Qg6# 1-0

[Event "*** Biggest EVER Titled Tuesday"]
[Site "Chess.com"]
[Date "2018.04.17"]
[Round "1"]
[White "Winehouse83"]
[Black "AlexTriapishko"]
[Result "0-1"]
[WhiteElo "2366"]
[BlackElo "2703"]
[TimeControl "180+2"]
[EndTime "13:07:31 PDT"]
[Termination "AlexTriapishko won by resignation"]

1. e4 c6 2. Nc3 d5 3. Nf3 Bg4 4. h3 Bxf3 5. Qxf3 e6 6. d3 Nf6 7. Bd2 d4 8. Ne2 c5 9. g4 Nc6 10.
g5 Nd7 11. Bg2 Qb6 12. O-O-O Nde5 13. Qg3 c4 14. dxc4 Nxc4 15. Qb3 Nxd2 16. Rxd2 Bb4 17. Rd3 O-O-O 18. Rhd1 Bc5 19. a3 Ne5 20. R3d2 d3 21. Qxb6 Bxb6 22. cxd3 Bxf2 23. Rc2+ Kb8 24. d4 Be3+ 25.
Kb1 Nc6 26. d5 Bxg5 27. Rf1 Ne5 28. Nd4 Rhe8 29. Nb5 a6 30. Nc3 Re7 31. Rd1 Rc8 32.
dxe6 fxe6 33. Rf2 Nc4 34. Bf1 Nxa3+ 35. Ka2 Nc4 36. Bxc4 Rxc4 37. Rd8+ Rc8 38. Rff8 Rxd8 39. Rxd8+ Kc7 40. Rh8 g6 41. e5 Bf4 0-1

[Event "*** Biggest EVER Titled Tuesday"]
[Site "Chess.com"]
[Date "2018.04.17"]
[Round "1"]
[White "GMBenjaminBok"]
[Black "Marcin"]
[Result "1-0"]
[WhiteElo "2591"]
[BlackElo "2263"]
[TimeControl "180+2"]
[EndTime "13:07:31 PDT"]
[Termination "GMBenjaminBok won by resignation"]

1. c4 e5 2. Nc3 Nf6 3. Nf3 Nc6 4. g3 d5 5. cxd5 Nxd5 6. Bg2 Nb6 7. O-O Be6 8. a3 Be7 9. b4 a6 10. d3 O-O 11. Bb2 f6 12. Qc2 Qd7 13.
Rfc1 Rfd8 14. Ne4 Bf8 15. Rab1 Qf7 16. Ba1 Ba2 17. Rb2 Be6 18. Nc5 Bc8 19. Rbb1 Nd5 20. Rd1 Bxc5 21. bxc5 Rb8 22. d4 exd4 23. Nxd4 Nxd4 24. Rxd4 Be6 25. Rbd1 f5 26. e4 fxe4 27. Bxe4 h6 28. Bg6 Qf8 29. Re1 Bf7 30. Rg4 Bxg6 31. Qxg6 Rd7 32. Qe6+ Qf7 33. Rxg7+ 1-0

[Event "*** Biggest EVER Titled Tuesday"]
[Site "Chess.com"]
[Date "2018.04.17"]
[Round "1"]
[White "vovachesss"]
[Black "bascheyaro"]
[Result "1-0"]
[WhiteElo "2373"]
[BlackElo "2674"]
[TimeControl "180+2"]
[EndTime "13:07:33 PDT"]
[Termination "vovachesss won by resignation"]

1. e4 e6 2. d4 d5 3. Nc3 Bb4 4. exd5 exd5 5. Bd3 Nf6 6. Ne2 O-O 7.
a3 Bd6 8. Bg5 c6 9. Qd2 Bg4 10.
f3 Bh5 11. O-O-O Nbd7 12. g4 Bg6 13. h4 b5 14. h5 Bxd3 15. Qxd3 h6 16. Bd2 a5 17. g5 hxg5 18. h6 g6 19. Bxg5 b4 20. h7+ Kh8 21. Nb1 bxa3 22. Nxa3 Rb8 23. Kb1 Qb6 24. Bc1 Rfe8 25. Ka2 Bxa3 26. Kxa3 c5 27. dxc5 Nxc5 28. Qd2 Qb4+ 29. Ka2 Qc4+ 30. b3 Qxe2 31.
Qc3 Nd7 32. Bb2 d4 33. Rxd4 Rbc8 34. Rc4 Kg7 35. Rxc8 a4 36. Rxe8 axb3+ 37. cxb3 Qxe8 38.
h8=Q+ Qxh8 39. Rxh8 Kxh8 40. b4 Kg8 41. b5 Kf8 42. Qb4+ Kg8 43. Bxf6 1-0

[Event "*** Biggest EVER Titled Tuesday"]
[Site "Chess.com"]
[Date "2018.04.17"]
[Round "1"]
[White "BillForster"]
[Black "Aikiigm"]
[Result "0-1"]
[WhiteElo "1602"]
[BlackElo "2438"]
[TimeControl "180+2"]
[EndTime "13:07:34 PDT"]
[Termination "Aikiigm won by resignation"]

1. d4 e6 2. c4 d5 3. Nc3 c6 4. Nf3 dxc4 5. e4 b5 6. a4 b4 7. Na2 Nf6 8. Qc2 a5 9. Bxc4 Be7 10. O-O O-O 11. b3 Nbd7 12. Bb2 Bb7 13. Rad1 Qb6 14. Nc1 c5 15. d5 exd5 16. exd5 Bd6 17. Ne2 Qc7 18.
Ng3 Rfe8 19. Nf5 Rad8 20. Nxd6 Qxd6 21. Qf5 h6 22. Nh4 Bc8 23. Qf3 Nb6 24. Nf5 Bxf5 25. Qxf5 Nxc4 26. bxc4 Qd7 27. Qxd7 Nxd7 28. Rfe1 Nb6 29.
d6 Rxe1+ 30. Rxe1 Nxc4 31. Be5 f6 32. Bg3 Nxd6 33. Rd1 Nf7 34. Rxd8+ Nxd8 35. Bd6 Nb7 36. Bc7 b3 37. Kf1 b2 0-1

[Event "*** Biggest EVER Titled Tuesday"]
[Site "Chess.com"]
[Date "2018.04.17"]
[Round "1"]
[White "SilverCat1992"]
[Black "Koksik_13"]
[Result "0-1"]
[WhiteElo "2078"]
[BlackElo "2472"]
[TimeControl "180+2"]
[EndTime "13:07:37 PDT"]
[Termination "Koksik_13 won by checkmate"]

1. e4 e6 2. d4 d5 3. Nc3 Bb4 4. e5 c5 5. Bd2 Ne7 6. Nb5 Bxd2+ 7. Qxd2 O-O 8. c3 Nbc6 9. f4 Qb6 10. Nf3 Nf5 11. g4 Nfe7 12. Nd6 cxd4 13. Bd3 dxc3 14. Bxh7+ Kxh7 15. Ng5+ Kg8 16. Qd3 Ng6 17. Qh3 Nh4 18.
Qxh4 Qe3+ 19. Kf1 Qd3+ 20. Ke1 cxb2 21. Rd1 Qxd1+ 22. Kxd1 b1=Q+ 23. Ke2 Qc2+ 24. Kf3 Nd4+ 25. Kg3 Ne2+ 26. Kh3 Nxf4+ 27. Kg3 Ne2+ 28. Kh3 Qd3+ 29. Kg2 Nf4+ 30. Kf2 f6 31. exf6 Rxf6 32. Nf5 Nh3+ 33. Nxh3 exf5 34. g5 Rc6 35. Nf4 Rc2+ 36. Ne2 Qxe2+ 37. Kg1 Qg2# 0-1

[Event "*** Biggest EVER Titled Tuesday"]
[Site "Chess.com"]
[Date "2018.04.17"]
[Round "1"]
[White "LordIron"]
[Black "Justmig"]
[Result "0-1"]
[WhiteElo "2164"]
[BlackElo "2532"]
[TimeControl "180+2"]
[EndTime "13:07:41 PDT"]
[Termination "Justmig won by resignation"]

1. d4 d5 2. Nf3 Nf6 3. c4 c6 4. g3 Bg4 5. Bg2 e6 6. O-O Nbd7 7. b3 Bd6 8. Bb2 Qb8 9. Nbd2 O-O 10. a4 a5 11. Ba3 Bxa3 12. Rxa3 h6 13. Qc1 Bf5 14. Qb2 Qc7 15. b4 axb4 16. Qxb4 Ra7 17. a5 Rfa8 18.
Rfa1 Ne4 19. Nb3 dxc4 20. Qxc4 Nd6 21. Qb4 Nb5 22. Ra4 Bc2 23. Nfd2 Nf6 24. Rc1 Bxb3 25.
Nxb3 Qd8 26. Nc5 Nd5 27. Qb2 Ndc7 28. e3 Na6 29. Nd3 Nb8 30. Nc5 Nd7 31. Nd3 Rxa5 32. Rb4 Ra2 33. Qb3 R8a3 34. Qd1 Qa5 35. Rbc4 Nb6 36. Bf1 Nxc4 37. Rxc4 Qd2 38. Qb1 Rxd3 0-1

[Event "*** Biggest EVER Titled Tuesday"]
[Site "Chess.com"]
[Date "2018.04.17"]
[Round "1"]
[White "jlucasvf"]
[Black "biostatistician"]
[Result "1-0"]
[WhiteElo "2009"]
[BlackElo "2430"]
[TimeControl "180+2"]
[EndTime "13:07:45 PDT"]
[Termination "jlucasvf won by resignation"]

1. e4 e6 2. d4 d5 3. exd5 exd5 4. Nf3 Nf6 5. Bd3 Bg4 6. h3 Bh5 7. Qe2+ Be7 8. Nc3 O-O 9. g4 Bg6 10. Bxg6 hxg6 11. Ne5 c5 12. Be3 cxd4 13. Bxd4 Nc6 14. Nxc6 bxc6 15. O-O-O Re8 16. Qf3 Qa5 17. Rhe1 c5 18.
Bxf6 Bxf6 19. Rxe8+ Rxe8 20. Nxd5 Qxa2 21. Nxf6+ gxf6 22. Qxf6 Kh7 23. b3 Qa3+ 24. Kb1 Rf8 25. Qe7 Kg8 26. h4 Qb4 27. f3 Qf4 28. Rd8 Rxd8 29. Qxd8+ Kg7 30. Qd3 a5 31. Qc3+ Kg8 32. Qxa5 c4 33. Qd8+ Kg7 34. Qd1 c3 35. Qe2 Qb4 36. Qe3 Qa5 37. Qd4+ Kg8 38. f4 Qc7 39. b4 Qc6 40. h5 gxh5 41. gxh5 Qh1+ 42. Ka2 Qxh5 43.
Qxc3 Qd5+ 44. Kb2 Qe4 45. Qd2 Kg7 46. c3 Kh6 47. Qd4 Qe2+ 48. Kb3 Kh5 49. Qe5+ Qxe5 50.
fxe5 Kg5 51. b5 Kf5 52. b6 Kxe5 53. b7 1-0

[Event "*** Biggest EVER Titled Tuesday"]
[Site "Chess.com"]
[Date "2018.04.17"]
[Round "1"]
[White "joshuacao"]
[Black "maximlavrov"]
[Result "0-1"]
[WhiteElo "2012"]
[BlackElo "2459"]
[TimeControl "180+2"]
[EndTime "13:07:47 PDT"]
[Termination "maximlavrov won by resignation"]

1. e4 g6 2. d4 Bg7 3. Nc3 d6 4.
f4 a6 5. Nf3 b5 6. Bd3 Bb7 7. O-O Nd7 8. e5 Nh6 9. Qe1 O-O 10. Qh4 c5 11. f5 Nxf5 12. Bxf5 gxf5 13. Bh6 f6 14. Qg3 Rf7 15. e6 Kh8 16. exf7 Bxh6 17. Rad1 Qf8 18. Nh4 f4 19. Qh3 Nb6 20. Nf5 Bg5 21.
d5 Qxf7 22. Qf3 Bc8 23. g4 fxg3 24. hxg3 Nc4 25. b3 Ne5 26. Qe2 Bd7 27. Ne4 Rg8 28. c4 b4 29. Kg2 h6 30. Rf2 Qh7 31. g4 Nxg4 0-1

[Event "*** Biggest EVER Titled Tuesday"]
[Site "Chess.com"]
[Date "2018.04.17"]
[Round "1"]
[White "SCIM"]
[Black "Salem-AR"]
[Result "0-1"]
[WhiteElo "2361"]
[BlackElo "2702"]
[TimeControl "180+2"]
[EndTime "13:07:48 PDT"]
[Termination "Salem-AR won by resignation"]

1. d4 Nf6 2. c4 g6 3. Nc3 Bg7 4. e4 d6 5. f3 O-O 6. Bg5 c5 7. d5 h6 8. Be3 e6 9. Qd2 exd5 10. cxd5 Nh7 11. Rc1 Nd7 12. b3 Ne5 13. Nge2 h5 14. Nf4 h4 15. Be2 h3 16. Nxh3 Bxh3 17.
gxh3 Qh4+ 18. Bf2 Qxh3 19. Qe3 Nd7 20. f4 Qxe3 21. Bxe3 Rfe8 22. Bf3 Bxc3+ 23. Rxc3 Nhf6 24. e5 dxe5 25. f5 e4 26. Be2 Nxd5 27. Kd2 Nxc3 28. Kxc3 gxf5 29. Rg1+ Kf8 30. h4 Ke7 31. h5 Rg8 32.
Rh1 Rg3 33. Kd2 Rd8 34. Bf4 Nf6+ 35. Ke1 Rg2 36. Be3 b6 37. h6 Ke6 38. Rh5 Rxe2+ 39.
Kxe2 Nxh5 0-1

[Event "*** Biggest EVER Titled Tuesday"]
[Site "Chess.com"]
[Date "2018.04.17"]
[Round "1"]
[White "Arm-Akiba"]
[Black "PrinceMurad09"]
[Result "1-0"]
[WhiteElo "2667"]
[BlackElo "2352"]
[TimeControl "180+2"]
[EndTime "13:07:48 PDT"]
[Termination "Arm-Akiba won by resignation"]

1. d4 Nf6 2. Nf3 g6 3. g3 d5 4.
Bg2 Bg7 5. O-O O-O 6. c4 c6 7. b3 Ne4 8. Bb2 Nd7 9. e3 f5 10. Nc3 Ndf6 11. Ne5 Nxc3 12. Bxc3 Ne4 13. Bb2 Be6 14.
Rc1 Nd6 15. cxd5 Bxd5 16. Bxd5+ cxd5 17. Nd3 b6 18. Nf4 Nf7 19. Ne6 Qd6 20. Nxf8 Rxf8 21. Qc2 Ng5 22. Qc6 Qb4 23. Bc3 Qa3 24. Qxd5+ e6 25.
Qc4 Qxa2 26. Bb4 b5 27. Qc2 Qxc2 28. Rxc2 Rb8 29. Rfc1 a6 30. Rc8+ Rxc8 31. Rxc8+ Kf7 32. Rc7+ Kg8 33. Rc6 e5 34. d5 Nf3+ 35. Kg2 e4 36. d6 Ne5 37. Rxa6 Bf8 38. Ra8 Kf7 39. Rxf8+ 1-0

[Event "*** Biggest EVER Titled Tuesday"]
[Site "Chess.com"]
[Date "2018.04.17"]
[Round "1"]
[White "BlackBoarder"]
[Black "Rikikits"]
[Result "0-1"]
[WhiteElo "2237"]
[BlackElo "2578"]
[TimeControl "180+2"]
[EndTime "13:07:49 PDT"]
[Termination "Rikikits won on time"]

1. e4 e6 2. d4 d5 3. Bd3 Nf6 4.
e5 Nfd7 5. Nf3 c5 6. c3 Nc6 7.
O-O Be7 8. a3 g5 9. Be3 g4 10.
Ne1 h5 11. f3 cxd4 12. cxd4 Qb6 13. Nc3 g3 14. hxg3 h4 15. Na4 Qd8 16. g4 h3 17.
gxh3 Rxh3 18. Kg2 Rh8 19. b4 Bg5 20. Qd2 Bxe3 21. Qxe3 Qh4 22. Rg1 b6 23. Bb5 Bb7 24. Rc1 Rc8 25. Nd3 Qh2+ 26. Kf1 a6 27. Bxc6 Rxc6 28. Rxc6 Bxc6 29. Nc3 Qc2 30. Ne2 Bb5 31. Ndc1 Rh2 32. Rg2 Qd1+ 33. Kf2 Rh1 34. Qg5 Re1 35. Qg8+ Nf8 36. Kg3 Bxe2 37. Nxe2 Rxe2 38. Rxe2 Qxe2 39. Qg5 Ng6 40. Qc1 Qc4 41. Qd2 Ne7 42. f4 Nc6 43. f5 Qxd4 0-1

[Event "*** Biggest EVER Titled Tuesday"]
[Site "Chess.com"]
[Date "2018.04.17"]
[Round "1"]
[White "vuqaresedli"]
[Black "gmjlh"]
[Result "0-1"]
[WhiteElo "2169"]
[BlackElo "2551"]
[TimeControl "180+2"]
[EndTime "13:07:49 PDT"]
[Termination "gmjlh won by resignation"]

1. Nf3 d5 2. g3 Nf6 3. Bg2 e6 4. O-O Be7 5. d3 O-O 6. Nbd2 Nc6 7. e4 dxe4 8. dxe4 e5 9. c3 b6 10. Re1 a5 11. a4 Ba6 12. Bf1 Bxf1 13. Kxf1 Qd3+ 14. Kg2 Rad8 15. Re3 Qd7 16. h3 Bc5 17. Re1 Qd3 18. Qe2 Ne8 19. Nc4 f6 20. Qxd3 Rxd3 21.
Be3 Bxe3 22. Rxe3 Rxe3 23. Nxe3 Nd6 24. Nd2 Ne7 25. Kf3 Kf7 26. Ke2 Ke6 27. f4 exf4 28.
gxf4 Rd8 29. Rg1 g6 30. h4 Nb7 31. h5 Nc5 32. hxg6 hxg6 33. b3 Rh8 34. c4 c6 35.
Rg2 Rh1 36. Nc2 Kf7 37. Nd4 Rh3 38. e5 Nd3 39. e6+ Kg7 40. Kd1 Nxf4 41. Rf2 g5 42. Kc2 Kg6 43. c5 bxc5 44. Ne2 Nxe6 45. Nc4 Nd4+ 46.
Nxd4 cxd4 47. Nxa5 g4 48. Rg2 f5 49. Nc4 Rc3+ 50.
Kb2 Nd5 51. a5 Nb4 52. Ka3 c5 53. Ka4 Kg5 54. Ne5 g3 55. Kb5 f4 56. a6 Nxa6 57. Kxa6 Rxb3 58. Rc2 Rc3 59. Ra2 f3 60. Kb5 f2 61.
Ra1 g2 0-1

[Event "*** Biggest EVER Titled Tuesday"]
[Site "Chess.com"]
[Date "2018.04.17"]
[Round "1"]
[White "ChessTrail"]
[Black "Saitama_Hero"]
[Result "1-0"]
[WhiteElo "2502"]
[BlackElo "2126"]
[TimeControl "180+2"]
[EndTime "13:07:51 PDT"]
[Termination "ChessTrail won on time"]

1. e4 c5 2. Nf3 e6 3. d4 cxd4 4.
Nxd4 Nf6 5. Bd3 Nc6 6. Nxc6 bxc6 7. O-O d5 8. Nd2 Be7 9. Qf3 O-O 10. e5 Nd7 11.
Qh3 g6 12. Nf3 f5 13. Bh6 Rf7 14. Rfe1 Kh8 15. Qg3 Rb8 16. Ng5 Bxg5 17. Bxg5 Qa5 18. b3 Ba6 19. c4 Nc5 20. Bf6+ Kg8 21. Red1 Rd7 22. Qe3 dxc4 23. Bxc4 Bxc4 24. bxc4 Rxd1+ 25. Rxd1 Ne4 26. Qh6 Rb7 27. h4 Nxf6 28. exf6 Qc7 29.
f7+ Qxf7 30. Rd8+ 1-0